 Dungeon Crawl Stone Soup version 0.17.2 (webtiles) character file.

101 ololoev the Covered (level 4, -3/35 HPs)
             Began as a Demonspawn Fighter on June 9, 2016.
             Killed by nerve-wracking pain
             ... invoked by a shadow imp
              (4 damage)
             ... on level 5 of the Dungeon.
             The game lasted 00:03:56 (363 turns).

ololoev the Covered (Demonspawn Fighter)             Turns: 363, Time: 00:03:56

Health: -3/35      AC: 11    Str: 17    XL:     4   Next: 48%
Magic:  4/4        EV:  5    Int:  9    God:
Gold:   0          SH:  8    Dex: 13    Spells: 0 memorised, 3 levels left

rFire  . . .     SeeInvis .     a - +0 long sword
rCold  . . .     Clarity  .     b - +0 scale mail
rNeg   . . .     SustAt   .     c - +0 shield
rPois  .         Gourm    .     (no helmet)
rElec  .         Spirit   .     g - +0 cloak
rCorr  .         Warding  .     (no gloves)
rMut   .         Stasis   .     (no boots)
MR     .....                    (no amulet)
Stlth  ..........               (no ring)
                                (no ring)

@: lethally poisoned (-3 -> -14), not resistant to hostile enchantments,
extremely unstealthy
A: molten scales 2, powered by death 1
a: no special abilities


Innate Abilities, Weirdness & Mutations

You are mostly covered in molten scales (AC +3, EV -1).
You regenerate a little health from kills.

Inventory:

Hand Weapons
 a - a +0 long sword (weapon)
Armour
 b - a +0 scale mail (worn)
 c - a +0 shield (worn)
 g - a +0 cloak (worn)
Scrolls
 j - a scroll of fear {unknown}
 l - a scroll of identify {unknown}
Comestibles
 d - 3 chunks of flesh
 e - a bread ration
 i - 2 meat rations


   Skills:
 - Level 3.0 Fighting
 * Level 3.6 Long Blades
 + Level 3.6 Armour
 - Level 2.6 Shields


You had 3 spell levels left.
You didn't know any spells.


You were on level 5 of the Dungeon.
You were not hungry.

You visited 1 branch of the dungeon, and saw 5 of its levels.

##. ..# ..# ##
..# .## 5.#..
#... #..# ###'###
#..@..# #
###.⌠5⌠.# ##.
#.'..>..+ ....#
#.#.⌠.⌠.#
......###.#.....#
#......<..###+###
......#...## .#
..... ###..#.#
.... ##...#

Notes
Turn   | Place    | Note
--------------------------------------------------------------
     0 | D:1      | ololoev the Demonspawn Fighter began the quest for the Orb.
     0 | D:1      | Reached XP level 1. HP: 18/18 MP: 1/1
   137 | D:3      | Gained mutation: You are partially covered in molten scales (AC +1). [demonic ancestry]
   137 | D:3      | Reached XP level 2. HP: 21/24 MP: 2/2
   273 | D:4      | Gained mutation: You regenerate a little health from kills. [demonic ancestry]
   273 | D:4      | Reached XP level 3. HP: 20/29 MP: 3/3
   274 | D:4      | Gained mutation: You are mostly covered in molten scales (AC +3, EV -1). [demonic ancestry]
   274 | D:4      | Reached XP level 4. HP: 24/35 MP: 4/4
   323 | D:5      | Entered Level 5 of the Dungeon
   343 | D:5      | Found a staircase to the Ecumenical Temple.
   348 | D:5      | HP: 1/35 [poisoned by a worker ant]
   363 | D:5      | HP: 1/35 [poison (a potion of poison)]
   363 | D:5      | Killed from afar by a shadow imp

Dungeon Overview and Level Annotations

Branches:
Dungeon (5/15)             Temple (0/1) D:5

Altars:


Message History

There is a staircase to the Ecumenical Temple here.
Drink which item? (? for menu, Esc to quit)
It was a potion of cancellation.
You feel magically purged.
You feel sick.
Drink which item? (? for menu, Esc to quit)
It was a potion of ambrosia.
You are confused.
You feel invigorated.
You feel sick.
Drink which item? (? for menu, Esc to quit)
Okay, then.
You feel sick.
You feel sick.
You feel less invigorated.
You feel less confused.
You feel sick.
You feel sick.
Drink which item? (? for menu, Esc to quit)
It was a potion of poison.
That liquid tasted very nasty...
You are lethally poisoned!
You feel sick.
You aren't carrying any potions.
Unknown command.
You feel sick.
You feel sick.
You open the door.
A crimson imp comes into view.
You feel sick.
The crimson imp shouts!
You hear a shout!
You hear a bark!
You feel sick.
The crimson imp hits you but does no damage.
A shadow imp comes into view.
There is an open door here.
You barely miss the crimson imp.
You feel sick. The crimson imp barely misses you.
You closely miss the crimson imp.
You feel sick.
The crimson imp blinks!
You feel sick.
You closely miss the crimson imp.
You feel sick. The shadow imp gestures at you. Pain shoots through your body!
You die...

You could see a crimson imp and a shadow imp.

Vanquished Creatures
  An orc priest (D:4)
  An orc wizard (D:4)
  A worker ant (D:5)
  An adder (D:3)
  3 orcs (D:4)
  A goblin (D:1)
  A hobgoblin (D:3)
  A kobold (D:3)
  A rat (D:2)
11 creatures vanquished.

Action                   |  1- 3 |  4- 6 || total
-------------------------+-------+-------++-------
Melee: Long sword        |    26 |    15 ||    41
  Use: Potion            |     1 |     3 ||     4

Vault maps used:
D:1:      shiori_arrival_oz
D:3:      zin_treasury
D:4:      enter_ossuary_2, first_bread, serial_shops, shop
D:5:      lemuel_upstairs_altar, nicolae_overflow_hidden_temple,
          lemuel_round_altar, minmay_temple_entry_hall
